 Dungeon Crawl Stone Soup version 0.28-a0-167-g7eff39e849 (webtiles) character file.

Game seed: 11875461405026838274

2094 Nattfarinn the Thaumaturge (level 9, 0/55 HPs)
             Began as a Djinni Venom Mage on Aug 16, 2021.
             Was a Believer of Makhleb.
             Shot with an arrow by a centaur (15 damage)
             ... on level 9 of the Dungeon.
             The game lasted 00:09:41 (8102 turns).

Nattfarinn the Thaumaturge (Djinni Venom Mage)      Turns: 8102, Time: 00:09:44

Health: 0/55       AC: -2    Str:  7    XL:     9   Next: 52%
Gold:   131        EV: 12    Int: 20    God:    Makhleb [**....] SH:  0 Dex: 14

rFire   + + .      SeeInvis .   (no weapon)
rCold   x . .      Faith    .   (no shield)
rNeg    . . .      Spirit   .   a - +0 robe
rPois   ∞          Reflect  .   (no helmet)
rElec   .          Harm     .   (no cloak)
rCorr   .          Rampage  .   (no gloves)
Will    .....                   (boots unavailable)
Stlth   ++........              (no amulet)
HPRegen 0.18/turn               (no ring)
MPRegen 0.00/turn               (no ring)

@: about to teleport, corroded, flying
A: sickness immunity, fire resistance 2, cold vulnerability 1, float, innate
caster, hp casting, extra vitality 1
a: Renounce Religion, Minor Destruction


You were on level 9 of the Dungeon.
You worshipped Makhleb.
Makhleb was pleased with you.
You visited 1 branch of the dungeon, and saw 7 of its levels.

You collected 255 gold pieces.
You spent 124 gold pieces at shops.

Inventory:

Armour
 a - a +0 robe (worn)
Jewellery
 m - an amulet of regeneration
Wands
 i - a wand of digging (7)
 l - a wand of polymorph (8)
 v - a wand of iceblast (8)
Scrolls
 e - 2 scrolls of amnesia
 f - a scroll of silence
 n - 2 scrolls of identify
 q - 3 scrolls of teleportation
 t - a scroll of noise {unknown}
 u - a scroll of torment {unknown}
Potions
 b - 2 potions of cancellation {unknown}
 c - 3 potions of attraction {unknown}
 d - a potion of heal wounds
 g - 2 potions of resistance
 h - 3 potions of haste {unknown}
 j - a potion of might {unknown}
 k - 3 potions of curing {unknown}
 o - a potion of degeneration {unknown}
 r - a potion of berserk rage {unknown}


   Skills:
 - Level 2.1 Dodging
 - Level 1.5 Stealth
 + Level 9.5 Spellcasting


You had 9 spell levels left.
You knew the following spells:

 Your Spells              Type           Power      Damage    Failure   Level
a - Sting                 Tmut/Pois      100%       1d8       1%          1
b - Poisonous Vapours     Pois/Air       94%        N/A       1%          2
c - Mephitic Cloud        Conj/Pois/Air  47%        N/A       1%          3
d - Olgreb's Toxic Radia  Pois           47%        N/A       1%          4
e - Beastly Appendage     Tmut           94%        N/A       1%          1
f - Wereblood             Tmut           47%        N/A       1%          2
g - Static Discharge      Conj/Air       47%        N/A       1%          2
h - Summon Guardian Gole  Hex/Summ       47%        N/A       1%          3
Your spell library was empty.

Dungeon Overview and Level Annotations

Branches:
Dungeon (6/15)             Temple (0/1) D:4

Altars:
Gozag
Kikubaaqudgha
Makhleb
Uskayaw
Vehumet
Xom

Shops:
D:3 [*!?


Innate Abilities, Weirdness & Mutations

You are immune to sickness and miasma.
You are immune to poison.
Your flesh is very heat resistant. (rF++)
You are vulnerable to cold. (rC-)
You float through the air rather than walking.
You learn spells naturally, not from books.
Your magical power is your life essence.
You have superior vitality. (+4 HP)


Message History

Casting: Sting (safe; 1% risk of failure)
Confirm with . or Enter, or press ? or * to list all spells.
You begin to radiate toxic energy.
You kill the butterfly! x2
The orc wizard is poisoned.
The orc is poisoned. x3; The centaur is poisoned.
The orc looks even sicker.
You kill the orc!
Makhleb accepts your kill.
You feel better.
The centaur wields a +0 shortbow.
The centaur shoots an arrow.
The arrow closely misses you. The orc misses you.
Unknown command.
As you read the scroll of fog, it crumbles to dust.
The scroll dissolves into smoke.
The orc wizard looks even sicker.
You kill the orc!
Makhleb accepts your kill.
The centaur looks even sicker.
Your toxic aura wanes.
You kill the orc!
Makhleb accepts your kill.
The centaur shoots an arrow.
The arrow closely misses you.
Unknown command.
The centaur shoots an arrow.
The arrow closely misses you. The acid dragon spits acid at you.
The splash of acid hits you! The acid corrodes you!
You are splashed with acid!
The centaur shoots an arrow.
The arrow hits you. The orc wizard closely misses you.
As you read the scroll labelled WOJEBR DOUFROTS, it crumbles to dust.
It is a scroll of enchant weapon.
You aren't carrying any weapons that can be enchanted.
The orc wizard hits you with a +0 dagger.
Welcome back, Nattfarinn the Djinni Venom Mage.
Blood and souls for Makhleb!
Press ? for a list of commands and other information.
As you read the scroll labelled NITIDORCHEEG, it crumbles to dust.
You feel strangely unstable.
It was a scroll of teleportation.
The centaur shoots an arrow.
The arrow closely misses you. The acid dragon misses you.
The acid dragon claws you.
* * * LOW HITPOINT WARNING * * *
The centaur shoots an arrow.
The arrow hits you!
You die...

#### #...#
########+.._.#
#.)>...§§§...#
#.....§§§§..#
#...c.oD§§..#
#....§§@§§..#
#....§§§§§..#
#..!.§§§....+
+...........#
#...........#
#############


You could see an acid dragon, a centaur (very poisoned) and an orc wizard (very
poisoned).

Vanquished Creatures
  Grinder (D:3)
  2 water moccasins (D:6)
  A sky beast (D:6)
  A black bear (D:6)
  4 necrophages
  2 centaurs (D:5)
  A kobold brigand (D:6)
  3 bullfrogs (D:6)
  A scorpion (D:5)
  4 wights (D:5)
  A centaur zombie (D:5)
  2 hounds (D:4)
  4 iguanas
  Terence (D:3)
  An orc wizard (D:2)
  Robin (D:3)
  5 gnolls
  13 adders
  3 worms
  A dart slug (D:3)
  9 orcs
  9 bats
  9 endoplasms
  4 giant cockroaches
  14 goblins
  14 hobgoblins
  3 jackals (D:4)
  7 kobolds
  5 quokkas
  12 ball pythons
  5 frilled lizards
  8 rats
  2 butterflies (D:9)
153 creatures vanquished.

Notes
Turn   | Place    | Note
-------+----------+-------------------------------------------
     0 | D:1      | Nattfarinn the Djinni Venom Mage began the quest for the
                  | Orb.
     0 | D:1      | Reached XP level 1. HP: 15/15 MP: 0/0
   462 | D:1      | Found a faded altar of an unknown god.
   466 | D:1      | Reached XP level 2. HP: 18/21 MP: 0/0
   481 | D:1      | Reached skill level 3 in Spellcasting
  1004 | D:1      | Reached XP level 3. HP: 18/25 MP: 0/0
  1004 | D:1      | Learned a level 1 spell: Beastly Appendage
  1589 | D:1      | HP: 1/25 [adder (1)]
  1591 | D:1      | Reached XP level 4. HP: 1/31 MP: 0/0
  2261 | D:2      | Reached skill level 4 in Spellcasting
  2886 | D:3      | Noticed Grinder
  2899 | D:3      | Reached XP level 5. HP: 35/35 MP: 0/0
  2899 | D:3      | Learned a level 2 spell: Wereblood
  2900 | D:3      | Paralysed by Grinder for 7 turns
  2903 | D:3      | Killed Grinder
  2904 | D:3      | Reached skill level 5 in Spellcasting
  2904 | D:3      | Reached XP level 6. HP: 17/40 MP: 0/0
  3091 | D:3      | Found Giethedd's Antique Armour Shoppe.
  3172 | D:3      | Noticed Robin
  3176 | D:3      | Killed Robin
  3326 | D:3      | Found Afaarois's Magic Scroll Boutique.
  3328 | D:3      | Noticed a necrophage
  3333 | D:3      | Noticed Terence
  3378 | D:3      | Killed Terence
  3379 | D:3      | Reached XP level 7. HP: 40/45 MP: 0/0
  3379 | D:3      | Learned a level 2 spell: Static Discharge
  3547 | D:3      | Reached skill level 6 in Spellcasting
  3642 | D:3      | Found Fics's Distillery.
  3651 | D:3      | Bought 2 potions of heal wounds for 100 gold pieces
  3656 | D:3      | Bought a scroll of identify for 24 gold pieces
  3776 | D:3      | Found a burning altar of Makhleb.
  3798 | D:3      | Became a worshipper of Makhleb the Destroyer
  3839 | D:3      | Found Uwaow's General Store.
  4511 | D:3      | You are sucked into a shaft and drop 1 floor!
  4640 | D:3      | Reached * piety under Makhleb
  5001 | D:4      | Found a staircase to the Ecumenical Temple.
  5040 | D:4      | Found a hide-covered altar of Uskayaw.
  5223 | D:4      | Found an opulent altar of Gozag.
  5393 | D:4      | Reached XP level 8. HP: 37/50 MP: 0/0
  5536 | D:5      | Entered Level 5 of the Dungeon
  5651 | D:5      | Reached skill level 7 in Spellcasting
  6447 | D:5      | Reached skill level 8 in Spellcasting
  7183 | D:6      | Reached XP level 9. HP: 45/55 MP: 0/0
  7183 | D:6      | Learned a level 3 spell: Summon Guardian Golem
  7489 | D:6      | Reached skill level 9 in Spellcasting
  7764 | D:6      | Reached ** piety under Makhleb
  8097 | D:6      | You are sucked into a shaft and drop 3 floors!
  8097 | D:9      | Found a shimmering altar of Xom.
  8102 | D:9      | Shot with an arrow by a centaur

Illustrated notes

Levels and vault maps discovered:
D:1:      dpeg_arrival_water_fire, layout_rooms,
          ebering_ecumenical_altar_abandoned, minmay_statues_item
D:2:      layout_rooms, hangedman_abyss_or_decor_lesser_grid, solitary_fountain
D:3:      minmay_bubble_buster, layout_basic, bloody_makhleb, serial_shops,
          nicolae_diamond_shop, shop_statue, shop_statue, shop, uniq_grinder,
          uniq_terence, uniq_robin
D:4:      layout_rooms, mainiacjoe_overflow_big_doors,
          mainiacjoe_overflow_brackets, minmay_temple_entry_nine_rooms,
          cheibrodos_gnoll_hut
D:5:      layout_rooms
D:6:      layout_basic, lemuel_crystal_altar, minmay_circle_x
D:9:      layout_roguey, xom_butterflies, mainiacjoe_overflow_chevrons

Skill      XL: |  1  2  3  4  5  6  7  8  9 |
---------------+----------------------------+-----
Spellcasting   | 3 4 5 6 8 9 |  9.5
Dodging        | |  2.1
Stealth        | |  1.5

Action                   |  1- 3 |  4- 6 |  7- 9 || total
-------------------------+-------+-------+-------++-------
Melee: Unarmed           |     1 |     1 |     8 ||    10
 Cast: Sting             |    64 |    60 |   121 ||   245
       Olgreb's Toxic Ra |       |     5 |    12 ||    17
       Mephitic Cloud    |       |     1 |       ||     1
       Static Discharge  |       |       |    35 ||    35
       Summon Guardian G |       |       |     2 ||     2
  Use: Potion            |       |     2 |     2 ||     4
       Scroll            |       |     1 |     6 ||     7
 Stab: Sleeping          |       |       |     1 ||     1
Armor: Robe              |     2 |     4 |    13 ||    19
Dodge: Dodged            |    36 |    22 |    83 ||   141

Table legend: (Time is in decaauts)
 A = Elapsed time spent in this place.
 B = Non-inter-level travel time spent in this place.
 C = Inter-level travel time spent in this place.
 D = Time resting spent in this place.
 E = Time spent auto-exploring this place.
 F = Levels seen in this place.
 G = Mean time per level.
                   A        B        C        D        E       F      G
               +--------+--------+--------+--------+--------+-----+--------+
         Total |   8107 |   7684 |    423 |    585 |   6353 |   7 | 1158.1 |
       Dungeon |   8107 |   7684 |    423 |    585 |   6353 |   7 | 1158.1 |
               +--------+--------+--------+--------+--------+-----+--------+

Top non-repeatable levels by time:
     D:3: 1996 daAuts
     D:1: 1912 daAuts
     D:5: 1726 daAuts
     D:2: 1022 daAuts
     D:6: 835 daAuts
     D:4: 609 daAuts
     D:9: 4 daAuts
